 Dungeon Crawl Stone Soup version 0.16.1-7-g2c6721e (webtiles) character file.

2640 Sachiko the Blocker (level 9, -2/81 HPs)
             Began as a Minotaur Fighter on Mar 29, 2015.
             Was a Follower of Ru.
             Killed from afar by a deep elf mage (22 damage)
             ... with a shard of ice
             ... on level 7 of the Dungeon.
             The game lasted 00:37:47 (7251 turns).

Sachiko the Blocker (Minotaur Fighter)              Turns: 7251, Time: 00:37:47

Health: -2/81      AC: 12    Str: 23    XL:     9   Next: 35%
Magic:  4/4        EV:  9    Int:  5    God:    Ru [*.....]
Gold:   299        SH: 12    Dex: 11    Spells: 0 memorised, 8 levels left

rFire  . . .     SeeInvis +     F - +3 falchion (protect)
rCold  . . .     Clarity  .     j - +1 ring mail
rNeg   . . .     SustAb   .     c - +0 shield
rPois  .         Gourm    .     (helmet restricted)
rElec  .         Spirit   .     (no cloak)
rCorr  .         Warding  .     (no gloves)
rMut   +         Stasis   .     (no boots)
MR     .....                    w - amulet of resist mutation
Stlth  +.........               (no ring)
                                C - ring of see invisible

@: not resistant to hostile enchantments, very unstealthy
A: retaliatory headbutt, horns 2, no fire magic, no necromancy magic, no
translocations magic
a: Renounce Religion


You were on level 7 of the Dungeon.
You worshipped Ru.
Ru was aware of your devotion.
You were not hungry.

You visited 2 branches of the dungeon, and saw 8 of its levels.
You also visited: Ossuary and Bailey.

You collected 299 gold pieces.

Inventory:

Hand weapons
 a - a +0 long sword
 F - a +3 falchion of protection (weapon)
Armour
 b - a cursed +0 scale mail
 c - a +0 shield (worn)
 j - a +1 ring mail (worn)
 l - a cursed +1 ring mail
Jewellery
 f - a cursed ring of loudness
 n - a cursed ring of protection from cold
 o - a cursed ring of loudness
 s - a -3 ring of intelligence
 w - an amulet of resist mutation (around neck)
 C - a ring of see invisible (left hand)
Magical devices
 q - a wand of fire (8)
 v - a wand of flame (42)
 y - a wand of magic darts (13)
 D - a wand of confusion (23)
Scrolls
 g - 3 scrolls of enchant armour
 k - 3 scrolls of magic mapping
 u - a scroll of fog
 x - a scroll of remove curse
 z - 4 scrolls of teleportation
 A - 2 scrolls of amnesia
 B - 3 scrolls of fear {unknown}
Potions
 e - 2 potions of might
 i - 3 potions of curing
 p - 2 potions of haste
 r - a potion of agility
 t - a potion of degeneration {unknown}
Comestibles
 d - 6 bread rations
 h - 4 chunks of flesh
 m - a meat ration


   Skills:
 + Level 7.8 Fighting
 + Level 8.2 Long Blades
 + Level 8.1 Armour
 + Level 9.3 Shields


You had 8 spell levels left.
You didn't know any spells.

Dungeon Overview and Level Annotations

Branches:
Dungeon (7/15)             Temple (1/1) D:6

Altars:
Cheibriados
Dithmenos
Elyvilon
Fedhas
Gozag
Kikubaaqudgha
Makhleb
Nemelex Xobeh
Okawaru
Qazlal
Ru
Sif Muna
Trog
Vehumet
Xom
Yredelemnul
Zin
The Shining One

Annotations:
D:5 Pikel


Innate Abilities, Weirdness & Mutations

You reflexively headbutt those who attack you in melee.
You have a pair of horns on your head.
You cannot study or cast Fire magic.
You cannot study or cast Necromancy magic.
You cannot study or cast Translocations magic.


Message History

The deep elf mage is heavily wounded.
The deep elf mage casts a spell at you.
You are frozen.
* * * LOW HITPOINT WARNING * * *
Drink which item? (? for menu, Esc to quit)
You feel better.
The deep elf mage hits you with a dagger.
There is a gate leading back out of this place here.
You redirect the deep elf priest's attack!
The deep elf mage points at you and mumbles some strange words.
The shard of ice hits you!
* * * LOW HITPOINT WARNING * * *
Welcome back to the Dungeon!
The battlesphere dissipates.
There is an empty arch of ancient stone here.
Unknown command.
Drink which item? (? for menu, Esc to quit)
You feel better.
The deep elf mage gestures at you while chanting.
The shard of ice hits you!
You die...

*>* ***,,.**#.*.# *,*******
*,* ***,..#*#.*.# *,* *>*
*,,,...,#.#<## *,* *,*
#.......*....# *,* *,*
#.......##...### *,*
*,####...(......#...# *,*
*,..##......,#......# *,*
**#.##.....,,#).)...# *,*
###.##.....,,#.)@)..# *,*
.##.##.##.#**#†.)e.## *,*
.##.##.##.####†....## *,*
.......##...........#****,*
......÷..#######.......,,,*
.##.####.# ##.#####****
.##.# #.# *.# ..#.# #.# *.#
..#.####.# ******.#*****


You could see a deep elf mage.

Vanquished Creatures
  A wyvern (D:6)
  A deep elf fighter (Bailey)
  A warg (D:7)
  2 slaves (D:5)
  A phantom (D:6)
  2 centaurs
  An ice beast (D:4)
  4 ogres
  The ghost of ventricule the Charlatan, an average DEAr of Vehumet (D:3)
  Blork the orc (D:4)
  A giant frog (D:6)
  8 bog bodies (Ossuary)
  2 crimson imps (D:6)
  A goliath beetle (D:7)
  A wasp zombie (Ossuary)
  2 giant frog zombies
  A centaur zombie (D:5)
  2 hounds
  2 orc wizards (D:6)
  2 iguanas
  Natasha (thrice) (D:5)
  5 worker ants
  A killer bee zombie (Ossuary)
  Ijyb (D:4)
  A hound zombie (Ossuary)
  A hound skeleton (D:6)
  10 mummies (Ossuary)
  4 gnolls (D:4)
  3 worker ant zombies
  11 adders
  5 worms
  A shadow imp (D:5)
  5 adder zombies
  An adder skeleton (D:5)
  6 giant geckos
  15 orcs
  3 bat zombies (Ossuary)
  3 giant cockroaches
  9 goblins
  10 hobgoblins
  9 jackals
  A quokka (D:2)
  A ball python (D:2)
  16 bats
  2 giant newts
  11 kobolds
  A quokka skeleton (D:5)
  4 quokka zombies (Ossuary)
  9 rats
189 creatures vanquished.

Notes
Turn   | Place    | Note
--------------------------------------------------------------
     0 | D:1      | Sachiko, the Minotaur Fighter, began the quest for the Orb.
     0 | D:1      | Reached XP level 1. HP: 19/19 MP: 1/1
   315 | D:1      | Reached skill level 4 in Shields
   387 | D:1      | Reached XP level 2. HP: 24/27 MP: 1/1
   913 | D:2      | Reached XP level 3. HP: 33/33 MP: 2/2
  1331 | D:3      | Found a shadowy altar of Dithmenos.
  1331 | D:3      | Noticed ventricule's ghost (average DEAr)
  1357 | D:3      | Reached XP level 4. HP: 40/40 MP: 2/2
  1542 | D:3      | Killed ventricule's ghost
  1542 | D:3      | Reached skill level 5 in Armour
  1542 | D:3      | Reached XP level 5. HP: 36/47 MP: 2/2
  1564 | D:3      | Reached skill level 5 in Shields
  1655 | D:3      | Found a blossoming altar of Fedhas.
  2120 | D:4      | Noticed Ijyb
  2134 | D:4      | Killed Ijyb
  2368 | D:4      | Reached XP level 6. HP: 49/53 MP: 3/3
  2436 | D:4      | Noticed an ice beast
  2443 | D:4      | Killed an ice beast
  2443 | D:4      | Reached skill level 5 in Fighting
  2488 | D:4      | Noticed Blork the orc
  2495 | D:4      | Killed Blork the orc
  2495 | D:4      | Reached skill level 6 in Shields
  3137 | D:4      | Reached XP level 7. HP: 39/61 MP: 3/3
  3165 | D:4      | Noticed an ogre
  3170 | D:4      | Killed an ogre
  3362 | D:4      | Reached skill level 5 in Long Blades
  3492 | D:5      | Entered Level 5 of the Dungeon
  3602 | D:5      | Noticed Natasha
  3612 | D:5      | Killed Natasha
  3780 | D:5      | Reached skill level 7 in Shields
  3850 | D:5      | Noticed Natasha
  3853 | D:5      | Killed Natasha
  3917 | D:5      | Noticed Pikel
  3977 | D:5      | Noticed Natasha
  4243 | D:5      | Killed Natasha
  4285 | D:5      | Reached XP level 8. HP: 61/70 MP: 3/3
  4655 | D:6      | Found a staircase to the Ecumenical Temple.
  4664 | Temple   | Entered the Ecumenical Temple
  4790 | Temple   | Became a worshipper of Ru the Awakened
  4834 | D:6      | Found a sand-covered staircase.
  4846 | D:6      | Found a glowing silver altar of Zin.
  4848 | Ossuary  | Entered an ossuary
  5036 | Ossuary  | Reached skill level 8 in Shields
  5909 | D:6      | Found a glowing golden altar of the Shining One.
  5910 | D:6      | Found a shimmering altar of Xom.
  6171 | D:6      | Found a sparkling altar of Nemelex Xobeh.
  6266 | D:6      | Reached XP level 9. HP: 58/79 MP: 4/4
  6283 | D:6      | Gained mutation: You cannot study or cast Fire magic. [Ru sacrifice]
  6283 | D:6      | Gained mutation: You cannot study or cast Necromancy magic. [Ru sacrifice]
  6283 | D:6      | Gained mutation: You cannot study or cast Translocations magic. [Ru sacrifice]
  6283 | D:6      | Acquired Ru's first power
  6843 | D:6      | Reached skill level 9 in Shields
  7148 | D:7      | Found a snail-covered altar of Cheibriados.
  7176 | D:7      | Found a flagged portal.
  7205 | Bailey   | Entered a bailey
  7251 | D:7      | Killed from afar by a deep elf mage

Action                   |  1- 3 |  4- 6 |  7- 9 || total
-------------------------+-------+-------+-------++-------
Melee: Long sword        |    76 |   173 |   301 ||   550
       Falchion          |       |       |   120 ||   120
Invok: Sacrifice Arcana  |       |       |     1 ||     1
  Use: Scroll            |     6 |     5 |    10 ||    21
       Potion            |       |     5 |    12 ||    17
  Eat: Chunk             |     1 |     6 |     6 ||    13
       Meat ration       |       |       |     1 ||     1
       Beef jerky        |       |       |     2 ||     2
       Fruit             |       |       |     1 ||     1
